 Dungeon Crawl Stone Soup version 0.28-a0-664-gc179e30c89 (webtiles) character file.

Game seed: 14428003920519790540

304 kipponium the Poker (level 6, 0/47 HPs)
             Began as a Formicid Abyssal Knight on Oct 16, 2021.
             Was a Believer of Lugonu.
             Succumbed to a scorpion's poison
             ... on level 4 of the Dungeon.
             The game lasted 00:06:36 (3905 turns).

kipponium the Poker (Formicid Abyssal Knight)       Turns: 3905, Time: 00:06:37

Health: 0/47       AC:  7    Str: 19    XL:     6   Next: 66%
Magic:  7/7        EV: 10    Int: 10    God:    Lugonu [**....]
Gold:   159        SH:  0    Dex: 11    Spells: 5/5 levels left

rFire   . . .      SeeInvis +   j - +0 trident
rCold   + . .      Faith    .   (no shield)
rNeg    . . .      Spirit   .   d - +2 ring mail {rC+}
rPois   .          Reflect  .   (helmet unavailable)
rElec   .          Harm     .   (no cloak)
rCorr   .          Rampage  .   (no gloves)
Will    .....                   (no boots)
Stlth   +.........              h - amulet of magic regeneration
HPRegen 0.15/turn               (no ring)
MPRegen 0.35/turn               (no ring)

@: mighty, brilliant, lethally poisoned (0 -> -3), attractive, very slightly
contaminated, invisible
A: permanent stasis, dig shafts and tunnels, antennae 3, four strong arms
a: Dig, Shaft Self, Renounce Religion, Depart the Abyss, Bend Space


You were on level 4 of the Dungeon.
You worshipped Lugonu.
Lugonu was pleased with you.
You visited 1 branch of the dungeon, and saw 4 of its levels.
You visited the Abyss 1 time.

You collected 159 gold pieces.

Inventory:

Hand Weapons
 j - a +0 trident (weapon)
Missiles
 e - a javelin (quivered)
Armour
 d - a +2 ring mail of cold resistance (worn)
Jewellery
 h - an amulet of magic regeneration (around neck)
Scrolls
 a - a scroll of teleportation {unknown}
 i - a scroll of summoning {unknown}
 k - 3 scrolls of identify {unknown}
 l - a scroll of torment {unknown}
 m - a scroll of enchant armour {unknown}
 n - a scroll of magic mapping {unknown}


   Skills:
 - Level 3.2 Fighting
 + Level 6.5 Polearms
 - Level 2.1 Armour
 - Level 0.8 Dodging
 - Level 2.1 Invocations


You had 5 spell levels left.
You didn't know any spells.
Your spell library contained the following spells:

 Spells                   Type           Power      Damage    Failure   Level
 Fulminant Prism          Conj/Hex       0%         3d6       99%         4
 Iskenderun's Mystic Bla  Conj/Tloc      0%         2d3       99%         4
 Lee's Rapid Deconstruct  Erth           0%         3d5*      100%        5


Dungeon Overview and Level Annotations

Branches:
Dungeon (4/15)
 Temple: D:4-7

Altars:
The Shining One

Annotations:
D:4 Edmund


Innate Abilities, Weirdness & Mutations

You cannot be hasted, slowed, berserked, paralysed or teleported.
You can dig through walls and to a lower floor.
You have a pair of large antennae on your head. (SInv)
Your four strong arms can wield two-handed weapons with a shield.


Message History

You feel very sick.
The scorpion stings you but does no damage.
You closely miss the scorpion.
The scorpion is severely wounded.
You feel very sick.
The scorpion stings you but does no damage.
The scorpion stings you.
* * * LOW HITPOINT WARNING * * *
You hit the scorpion but do no damage.
The scorpion is severely wounded.
* * * LOW HITPOINT WARNING * * *
You feel very sick. The scorpion stings you.
* * * LOW HITPOINT WARNING * * *
It was a potion of might.
You feel very mighty all of a sudden.
* * * LOW HITPOINT WARNING * * *
You feel sick. The scorpion barely misses you.
It was a potion of brilliance.
You feel clever all of a sudden.
* * * LOW HITPOINT WARNING * * *
You feel sick. The scorpion barely misses you.
It was a potion of invisibility.
You fade into invisibility!
* * * LOW HITPOINT WARNING * * *
You feel sick. The scorpion closely misses you.
You are very lightly contaminated with residual magic.
It was a potion of attraction.
You feel attractive to monsters.
* * * LOW HITPOINT WARNING * * *
You feel sick. The scorpion closely misses you.
The scorpion completely misses you.
You closely miss the scorpion.
The scorpion is severely wounded.
* * * LOW HITPOINT WARNING * * *
You feel sick.
The scorpion stings you but does no damage.
You hit the scorpion.
The scorpion is almost dead.
You die...

### ..# # #.# # #######
#.##.##.# #......
#....s..# #.##### #@#
###.### #.# #.....#
##.## #.#.#.# ##...##
#.#.#.# #.....# #.#.#.#
#.....# #.#...# #.....#
#.##..# ##...##
#.##..##
####.....######.##...##


You could see a scorpion.

Vanquished Creatures
  A water moccasin skeleton (D:4)
  An orc priest (D:3)
  Natasha (twice) (D:2)
  2 orc wizards (D:4)
  3 adders
  2 worms
  2 dart slugs (D:2)
  8 orcs
  4 ball pythons
  10 bats
  5 endoplasms
  A giant cockroach (D:1)
  9 goblins
  6 hobgoblins
  10 jackals
  2 quokkas
  6 frilled lizards
  4 kobolds
  5 rats
83 creatures vanquished.

Notes
Turn   | Place    | Note
-------+----------+-------------------------------------------
     0 | Abyss:1  | kipponium the Formicid Abyssal Knight began the quest for
                  | the Orb.
     0 | Abyss:1  | Reached XP level 1. HP: 18/18 MP: 2/2
    47 | Abyss:1  | Noticed a blizzard demon
    51 | D:1      | Escaped the Abyss
   246 | D:1      | Found a faded altar of an unknown god.
   269 | D:1      | Reached XP level 2. HP: 24/24 MP: 3/3
   286 | D:1      | Reached * piety under Lugonu
   420 | D:1      | Reached skill level 3 in Polearms
   531 | D:1      | Reached XP level 3. HP: 29/29 MP: 4/4
  1440 | D:2      | Reached skill level 4 in Polearms
  1440 | D:2      | Reached XP level 4. HP: 35/35 MP: 5/5
  1684 | D:2      | Noticed Natasha
  1695 | D:2      | Killed Natasha
  1696 | D:2      | Noticed Natasha
  1710 | D:2      | Killed Natasha
  1711 | D:2      | Reached XP level 5. HP: 19/41 MP: 6/6
  2036 | D:2      | Reached skill level 5 in Polearms
  2315 | D:3      | Reached ** piety under Lugonu
  2820 | D:3      | Found a glowing golden altar of the Shining One.
  3315 | D:4      | Reached skill level 6 in Polearms
  3315 | D:4      | Reached XP level 6. HP: 38/47 MP: 7/7
  3564 | D:4      | Noticed Edmund
  3902 | D:4      | HP: 2/47 [poisoned by a scorpion]
  3905 | D:4      | Succumbed to a scorpion's poison

Illustrated notes

Levels and vault maps discovered:
D:1:      minmay_arrival_jagged, layout_basic,
          dreamdust_ecumenical_altar_angels_and_demons
D:2:      layout_basic, uniq_natasha
D:3:      layout_basic, tso_metal_star, kennysheep_generic_room_16
D:4:      layout_loops_corners, serial_shops, shop, minivault_27, minivault_24,
          uniq_edmund

Skill      XL: |  1  2  3  4  5 |
---------------+----------------+-----
Polearms       | 3 4 6 |  6.5
Fighting       | |  3.2
Armour         | |  2.1
Dodging        | |  0.8
Invocations    | |  2.1

Action                   |  1- 3 |  4- 6 || total
-------------------------+-------+-------++-------
Melee: Spear             |    90 |   132 ||   222
       Trident           |       |    77 ||    77
Throw: Javelin           |     1 |     6 ||     7
Invok: Depart the Abyss  |     1 |       ||     1
       Bend Space        |       |     1 ||     1
  Use: Potion            |       |     4 ||     4
Armor: Leather armour    |     8 |       ||     8
       Ring mail         |     7 |    63 ||    70
Dodge: Dodged            |    30 |    66 ||    96

Table legend: (Time is in decaauts)
 A = Elapsed time spent in this place.
 B = Non-inter-level travel time spent in this place.
 C = Inter-level travel time spent in this place.
 D = Time resting spent in this place.
 E = Time spent auto-exploring this place.
 F = Levels seen in this place.
 G = Mean time per level.
                   A        B        C        D        E       F      G
               +--------+--------+--------+--------+--------+-----+--------+
         Total |   3882 |   3798 |     84 |    415 |   2702 |   5 |  776.4 |
       Dungeon |   3831 |   3747 |     84 |    415 |   2702 |   4 |  957.8 |
         Abyss |     51 |     51 |      0 |      0 |      0 |   1 |   51.0 |
               +--------+--------+--------+--------+--------+-----+--------+

Top non-repeatable levels by time:
     D:1: 1265 daAuts
     D:3: 1105 daAuts
     D:2: 973 daAuts
     D:4: 487 daAuts
 Abyss:1: 51 daAuts
